 Dungeon Crawl Stone Soup version 0.22.0-60-ga52c2fc (console) character file.

65 bli the Insei (level 3, -5/29 HPs)
             Began as a Draconian Transmuter on Sept 9, 2018.
             Killed from afar by Sigmund (7 damage)
             ... with a magic dart
             ... on level 2 of the Dungeon.
             The game lasted 00:09:34 (1210 turns).

bli the Insei (Draconian Transmuter)                Turns: 1210, Time: 00:09:35

Health: -5/29      AC:  5    Str: 12    XL:     3   Next: 94%
Magic:  6/6        EV: 12    Int: 13    God:
Gold:   46         SH:  0    Dex: 12    Spells: 5/6 levels left

rFire    . . .     SeeInvis .     - Unarmed
rCold    . . .     Gourm    .   (no shield)
rNeg     . . .     Faith    .   (armour unavailable)
rPois    .         Spirit   .   (helmet restricted)
rElec    .         Reflect  .   (no cloak)
rCorr    .         Harm     .   (no gloves)
MR       .....                  (no boots)
Stlth    +.........             (no amulet)
HPRegen  0.09/turn              (no ring)
MPRegen  0.10/turn              (no ring)

@: confused
A: unfitting armour, cold-blooded, AC +5
a: no special abilities


You were on level 2 of the Dungeon.
You were not hungry.

You visited 1 branch of the dungeon, and saw 2 of its levels.

You collected 46 gold pieces.

Inventory:

Missiles
 a - 47 arrows
Armour
 d - a +0 buckler
Scrolls
 b - 2 scrolls of remove curse {unknown}
 e - a scroll of immolation {unknown}
 g - a scroll of blinking {unknown}
 h - a scroll of identify {unknown}
Comestibles
 c - a ration
 f - 2 chunks of flesh


   Skills:
 * Level 2.2 Fighting
 + Level 2.1 Dodging
 + Level 4.3 Unarmed Combat
 - Level 2.0 Spellcasting
 - Level 2.0 Transmutations


You had 5 spell levels left.
You knew the following spells:

 Your Spells              Type           Power        Failure   Level  Hunger
a - Beastly Appendage     Tmut           #.....       11%         1    ##.....

Your spell library contained the following spells:

 Spells                   Type           Power        Failure   Level  Hunger
 Sticks to Snakes         Tmut           #.......     17%         2    ###....
 Spider Form              Tmut/Pois      #.........   45%         3    ####...
 Ice Form                 Ice/Tmut       #.......     86%         4    #####..
 Blade Hands              Tmut           #.........   97%         5    ######.


Dungeon Overview and Level Annotations

Branches:
Dungeon (2/15)

Altars:
Okawaru
Uskayaw
The Shining One

Annotations:
D:2 Sigmund


Innate Abilities, Weirdness & Mutations

Your plain brown scales are hard. (AC +5)
You cannot fit into any form of body armour.
You are cold-blooded and may be slowed by cold attacks.


Message History

A puff of flame appears from out of thin air!
The puff of flame hits you!
You closely miss something.
Your horns disappear.
Something barely misses you.
You barely miss something.
You hear some strange, mumbled words.
A puff of flame appears from out of thin air!
The puff of flame hits you!
* * * LOW HITPOINT WARNING * * *
You aren't carrying any potions.
You hit something.
You hear some strange, mumbled words.
You are confused.
You bump into the rock wall.
Something hits you.
* * * LOW HITPOINT WARNING * * *
You bump into the rock wall.
A magic dart appears from out of thin air!
The magic dart hits you!
You die...

#### #.. #.#
#########.#####.
#......@........
#......†..#####
#...##.##{# #.. #.##.# .
.# #.##.# .# #.##.#
#.#######.# #.##.#### ##.
r@...#.... #.##.#..##....
###....#.. ..##..........
..#....#.#########...####
.(#._..#...@.......#......


There were no monsters in sight!

Vanquished Creatures
  3 adders (D:2)
  2 worms (D:2)
  2 dart slugs (D:1)
  A ball python (D:1)
  A giant cockroach (D:1)
  2 goblins
  7 hobgoblins
  3 jackals (D:1)
  4 bats (D:1)
  3 frilled lizards (D:1)
  A rat (D:1)
29 creatures vanquished.

Notes
Turn   | Place    | Note
-------+----------+-------------------------------------------
     0 | D:1      | bli the Draconian Transmuter began the quest for the Orb.
     0 | D:1      | Reached XP level 1. HP: 16/16 MP: 3/3
     7 | D:1      | Found an iron altar of Okawaru.
   122 | D:1      | Reached XP level 2. HP: 20/23 MP: 5/5
   682 | D:1      | Reached XP level 3. HP: 27/29 MP: 4/6
   802 | D:2      | Reached skill level 4 in Unarmed Combat
  1137 | D:2      | Found a glowing golden altar of the Shining One.
  1157 | D:2      | Found a hide-covered altar of Uskayaw.
  1158 | D:2      | Noticed a hand axe
  1158 | D:2      | Noticed a hand axe
  1159 | D:2      | Noticed Sigmund
  1210 | D:2      | Killed from afar by Sigmund

Skill      XL: |  1  2  3 |
---------------+----------+-----
Dodging        | 2 |  2.1
Fighting       | 2 |  2.2
Unarmed Combat | 4 |  4.3
Spellcasting   | |  2.0
Transmutations | |  2.0

Action                   || total
-------------------------++-------
Melee: Unarmed           ||   129
       Tailslap          ||    12
       Headbutt          ||     8
       Kick              ||     2
       Punch             ||     2
 Cast: Beastly Appendage ||     8
 Stab: Sleeping          ||     1
  Eat: Chunk             ||     1
Armor: Skin              ||    27
Dodge: Dodged            ||    77
